 Dungeon Crawl Stone Soup version 0.31-a0-1227-g0136665373 (webtiles) character file.

Game seed: 12846300671519583233

77916 Hubris850 the Protected (level 15, -15/117 HPs)
             Began as a Gnoll Wanderer on Dec 14, 2023.
             Was a High Priest of Nemelex Xobeh.
             Demolished by a titanic slime creature (61 damage)
             ... on level 15 of the Dungeon.
             The game lasted 01:11:02 (22959 turns).

Hubris850 the Protected (Gnoll Wanderer)           Turns: 22959, Time: 01:11:03

Health: -15/117    AC: 27    Str: 19    XL:     15   Next: 58%
Magic:  20/30      EV: 15    Int: 16    God:    Nemelex Xobeh [*****.]
Gold:   2293       SH:  0    Dex: 13    Spells: 27/37 levels left

rFire   . . .        k - +9 hammer of Dissolution {freeze, Int+2}
rCold   . . .        (no shield)
rNeg    . . .        O - +0 swamp dragon scales
rPois   +            M - +0 helmet
rElec   .            D - scarf "Ige Nest" {rC+ rF+, Str+2 Slay+5 Stlth+}
rCorr   .            i - +0 pair of gloves {infuse}
SInv    .            q - +0 pair of boots
Will    +....        B - amulet of Elemental Vulnerability {rPois rF-- rC-- AC+8}
Stlth   +++++        o - +4 ring of protection
HPRegen 0.00/turn    d - ring "Uryar" {rF+ rC+ Dex+2}
MPRegen 0.22/turn

%: infuse magic (1 MP)
@: inhibited regen
A: fangs 1, strong nose, distributed training, inhibited regeneration
a: Renounce Religion, Draw Escape, Draw Destruction, Draw Summoning, Triple
Draw, Deal Four, Stack Five


You were on level 15 of the Dungeon.
You worshipped Nemelex Xobeh.
Nemelex Xobeh was extremely pleased with you.
You visited 3 branches of the dungeon, and saw 21 of its levels.

You collected 2454 gold pieces.
You spent 161 gold pieces at shops.

Inventory:

Hand Weapons
 k - the +9 hammer of Dissolution (weapon) {freeze, Int+2}
   (You found it on level 3 of the Dungeon)

   Int+2:     It affects your intelligence (+2).
 N - a +0 scimitar of flaming
Missiles
 p - 4 javelins
 H - 7 atropa-tipped darts
 Q - 3 boomerangs
 R - 5 curare-tipped darts
Armour
 i - a +0 pair of gloves of infusion (worn)
 q - a +0 pair of boots (worn)
 D - the scarf "Ige Nest" (worn) {rC+ rF+, Str+2 Slay+5 Stlth+}
   (You found it on level 5 of the Dungeon)

   Str+2:     It affects your strength (+2).
   Slay+5:    It affects your accuracy & damage with ranged weapons and melee
   (+5).
   Stlth+:    It makes you more stealthy.
 M - a +0 helmet (worn)
 O - +0 swamp dragon scales (worn)
Magical Staves
 Z - a staff of cold
Jewellery
 d - the ring "Uryar" (right hand) {rF+ rC+ Dex+2}
   (You found it on level 5 of the Lair of Beasts)

   [ring of protection from fire]

   Dex+2:     It affects your dexterity (+2).
   rF+:       It protects you from fire.
   rC+:       It protects you from cold.
 f - a ring of ice
 o - a +4 ring of protection (left hand)
 s - an amulet of the acrobat
 x - a ring of protection from cold
 B - the amulet of Elemental Vulnerability (around neck) {rPois rF-- rC-- AC+8}
   (You found it on level 5 of the Dungeon)

   [amulet of nothing]

   AC+8:      It affects your AC (+8).
   rF--:      It makes you very vulnerable to fire.
   rC--:      It makes you very vulnerable to cold.
   rPois:     It protects you from poison
Wands
 g - a wand of flame (29)
 w - a wand of quicksilver (11)
 F - a wand of digging (12)
 P - a wand of charming (19)
 U - a wand of polymorph (6)
 X - a wand of roots (7)
 Y - a wand of mindburst (5)
Scrolls
 a - a scroll of enchant weapon
 e - 2 scrolls of poison
 h - a scroll of identify
 m - 3 scrolls of blinking
 t - 2 scrolls of fear
 v - a scroll of vulnerability
 A - 2 scrolls of amnesia
 J - 3 scrolls of teleportation
 L - a scroll of revelation
Potions
 b - a potion of brilliance
 c - 3 potions of lignification
 j - 2 potions of magic
 l - 2 potions of haste
 n - 9 potions of curing
 r - 2 potions of heal wounds
 u - a potion of resistance
 S - a potion of berserk rage
 W - a potion of ambrosia


   Skills:
 + Level 10.7 Fighting
 + Level 10.4 Short Blades
 + Level 10.4 Long Blades
 + Level 10.4 Axes
 + Level 10.4 Maces & Flails
 + Level 10.4 Polearms
 + Level 10.4 Staves
 + Level 10.4 Ranged Weapons
 + Level 10.4 Throwing
 + Level 12.2 Armour
 + Level 10.4 Dodging
 + Level 10.4 Stealth
 + Level 10.4 Shields
 + Level 10.4 Unarmed Combat
 + Level 11.5 Spellcasting
 + Level 8.7 Conjurations
 + Level 8.7 Hexes
 + Level 8.7 Summonings
 + Level 8.7 Necromancy
 + Level 8.7 Translocations
 + Level 8.7 Transmutations
 + Level 8.7 Fire Magic
 + Level 11.2 Ice Magic
 + Level 8.7 Air Magic
 + Level 8.7 Earth Magic
 + Level 8.7 Poison Magic
 + Level 11.3 Invocations
 + Level 10.4 Evocations
 + Level 9.5 Shapeshifting


You had 27 spell levels left.
You knew the following spells:

 Your Spells              Type           Power      Damage    Failure   Level
b - Summon Ice Beast      Ice/Summ       41%        N/A       1%          4
c - Call Canine Familiar  Summ           37%        N/A       1%          3
d - Ozocubu's Armour      Ice            45%        N/A       1%          3

Your spell library contained the following spells:

 Spells                   Type           Power      Damage    Failure   Level
 Freeze                   Ice            100%       1d10      1%          1
 Magic Dart               Conj           100%       1d8       1%          1
 Necrotise                Necr           100%       1d9       1%          1
 Blink                    Tloc           74%        N/A       1%          2
 Call Imp                 Summ           74%        N/A       1%          2
 Ensorcelled Hibernation  Hex/Ice        82%        N/A       1%          2
 Jinxbite                 Hex            74%        N/A       1%          2
 Lesser Beckoning         Tloc           74%        N/A       1%          2
 Momentum Strike          Conj/Tloc      74%        3d10      1%          2
 Gell's Gravitas          Tloc           37%        N/A       1%          3
 Hailstorm                Conj/Ice       41%        3d9       1%          3
 Mephitic Cloud           Conj/Pois/Air  37%        N/A       1%          3
 Sigil of Binding         Hex            37%        N/A       1%          3
 Teleport Other           Tloc           37%        N/A       1%          3
 Vampiric Draining        Necr           37%        2d8       1%          3
 Anguish                  Hex/Necr       18%        N/A       3%          4
 Dimensional Bullseye     Hex/Tloc       18%        N/A       3%          4
 Leda's Liquefaction      Hex/Erth       18%        N/A       3%          4
 Agony                    Necr           37%        N/A       9%          5
 Alistair's Intoxication  Tmut/Pois      24%        N/A       9%          5
 Borgnjor's Vile Clutch   Necr/Erth      18%        N/A       9%          5
 Summon Forest            Summ/Tloc      18%        N/A       9%          5
 Summon Mana Viper        Hex/Summ       37%        N/A       9%          5
 Simulacrum               Ice/Necr       20%        N/A       30%         6
 Eringya's Noxious Bog    Tmut/Pois      18%        4d6       45%         6
 Summon Cactus Giant      Summ           18%        N/A       45%         6
 Ozocubu's Refrigeration  Ice            22%        4d12      69%         7


Dungeon Overview and Level Annotations

Branches:
Dungeon (15/15) Temple (1/1) D:5 Lair (5/5) D:9 Shoals (0/4) Lair:2 Snake (0/4) Lair:2 Slime (0/5) Lair:4 Orc (0/2) D:10 Vaults (0/5) D:13 D:14 Depths (0/4) D:15

Altars:
Ashenzari
Cheibriados
Dithmenos
Elyvilon
Fedhas
Gozag
Hepliaklqana
Kikubaaqudgha
Makhleb
Nemelex Xobeh
Okawaru
Qazlal
Ru
Sif Muna
Trog
Uskayaw
Vehumet
Wu Jian
Xom
Yredelemnul
Zin
The Shining One

Shops:
D:8 [   D:14 *

Portals:
Trove: D:11 (show abyssal rune of Zot)

Annotations:
D:7 exclusion: ice statue
Lair:5 exclusion: obsidian statue


Innate Abilities, Weirdness & Mutations

You have very sharp teeth.
Your uncanny sense of smell can sniff out nearby items.
Your experience applies equally to all skills.
You do not regenerate when monsters are visible.


Message History

The large slime creature attacks as it pursues you!
The large slime creature hits you but does no damage.
Unknown command.
You bludgeon the large slime creature!! You freeze the large slime creature.
You bite the large slime creature.
The large slime creature is moderately wounded.
The large slime creature hits you but does no damage.
You hit the large slime creature. You freeze the large slime creature.
You bite the large slime creature.
The large slime creature is moderately wounded.
A very large slime creature splits.
You hit the large slime creature. You freeze the large slime creature.
The large slime creature is moderately wounded.
The large slime creature closely misses you.
A large slime creature splits.
You barely miss the large slime creature.
The large slime creature is moderately wounded.
The large slime creature hits you!
Two slime creatures merge to form a very large slime creature.
You bludgeon the very large slime creature!!
You freeze the very large slime creature!
The very large slime creature is heavily wounded.
Two slime creatures merge to form an enormous slime creature.
You completely miss the enormous slime creature.
You punch the enormous slime creature!
The enormous slime creature is heavily wounded.
Two slime creatures merge to form a titanic slime creature.
You hit the titanic slime creature. You freeze the titanic slime creature.
The titanic slime creature is heavily wounded.
You hit the titanic slime creature. You freeze the titanic slime creature.
The titanic slime creature is heavily wounded.
The titanic slime creature hits you but does no damage.
You sock the titanic slime creature! You freeze the titanic slime creature.
The titanic slime creature is heavily wounded.
The titanic slime creature barely misses you.
The titanic slime creature attacks as it pursues you!
The titanic slime creature hits you!!!
Ouch! That really hurt!
You die...
Your body glows with a rainbow of weird colours and disappears.

#...# ...'.......... #...###
.....#......... #..##..
.......<...... ...##.#
............## #..##.#
####...........# #...#.#
#..........#.#.#
#..##.###...........<..# ..
#..#.........##.###..###..##
#.....###....##.@J..........
####..###....##.####.#######
#.........#######.#
.......#............##
########.....######.#
#.#'#.# #.# #.###.# #.# ...
#.# #.# #### #.# #.#


You could see a titanic slime creature.

Vanquished Creatures
  Frances (D:14)
  4 hydras
  Fannar (Lair:2)
  An ogre mage (D:15)
  3 catoblepae
  7 centaur warriors
  2 two-headed ogres
  5 boulder beetles
  2 tengu warriors
  8 death yaks
  A deep troll earth mage (D:15)
  A skeletal warrior (D:11)
  A spectral anaconda (Lair:5)
  2 spectral death yaks (Lair:5)
  Lodul (D:13)
  3 orc knights
  2 harpies (Lair:2)
  A phantasmal warrior (D:15)
  3 deep elf pyromancers
  5 ugly things
  3 necromancers (Lair:5)
  Pikel (D:7)
  4 manticores
  7 cyclopes
  26 elephants
  A black mamba (Lair:1)
  4 gargoyles
  A torpor snail (Lair:4)
  9 cane toads
  2 unseen horrors
  3 rime drakes
  Maggie (D:7)
  12 komodo dragons
  A tengu conjurer (D:15)
  4 trolls
  A hornet (D:8)
  3 blink frogs (Lair:1)
  A spectral elephant (Lair:5)
  7 dream sheep (Lair:5)
  2 vampires
  2 slime creatures
  29 yaks
  A wraith (D:10)
  8 basilisks
  6 wyverns
  12 humans
  3 vampire mosquitoes (D:12)
  3 acid dragons
  3 nagas (Lair:2)
  A spectral cane toad (Lair:5)
  3 wargs (D:9)
  12 water moccasins
  Duvessa (D:5)
  5 orc warriors
  2 ice beasts
  3 sky beasts
  4 black bears
  3 ogres
  9 centaurs
  6 wolves
  A lemure (D:7)
  2 phantoms
  8 kobold brigands
  18 bullfrogs
  4 gnoll sergeants
  5 scorpions
  A cane toad simulacrum (Lair:5)
  5 wights (D:8)
  Dowan (D:5)
  8 killer bees (D:9)
  2 electric eels (Lair:3)
  2 howler monkeys (D:8)
  4 hounds
  5 jellies
  Crazy Yiuf (D:3)
  6 orc priests
  2 gnoll boudas
  3 iguanas
  14 orc wizards
  A centaur simulacrum (D:8)
  18 gnolls
  12 adders
  A shadow imp (D:4)
  3 ufetubi
  2 worms
  4 dart slugs
  33 orcs
  6 ball pythons
  8 endoplasms
  3 giant cockroaches
  9 goblins
  8 hobgoblins
  2 jackals (D:2)
  3 quokkas
  6 bats
  3 frilled lizards
  35 kobolds
  3 rats
515 creatures vanquished.

Vanquished Creatures (collateral kills)
  A skyshark (Lair:2)
  A faun (shapeshifter) (D:12)
  An ugly thing (D:12)
  A troll (D:12)
  A wraith (D:12)
  3 humans (D:14)
  A centaur (D:15)
  2 jellies (Lair:4)
  2 orcs (D:9)
13 creatures vanquished.

Grand Total: 528 creatures vanquished

Notes
Turn   | Place    | Note
-------+----------+-------------------------------------------
     0 | D:1      | Hubris850 the Gnoll Wanderer began the quest for the Orb.
     0 | D:1      | Hubris850 set off with the following items: a +0 club, a +0
                  | ring mail, a potion of lignification, a scroll of
                  | teleportation; and the following spell memorised: Freeze;
                  | and the following spells available to memorise: Hailstorm,
                  | Summon Ice Beast.
     0 | D:1      | Reached XP level 1. HP: 17/17 MP: 6/6
   153 | D:1      | Found a faded altar of an unknown god.
   172 | D:1      | Reached XP level 2. HP: 23/23 MP: 7/7
   648 | D:1      | Reached skill level 5 in Spellcasting
   648 | D:1      | Reached XP level 3. HP: 28/28 MP: 7/9
   897 | D:2      | Reached skill level 1 in Invocations
   983 | D:2      | Reached skill level 1 in Short Blades
   983 | D:2      | Reached skill level 1 in Long Blades
   983 | D:2      | Reached skill level 1 in Axes
   983 | D:2      | Reached skill level 1 in Maces & Flails
   983 | D:2      | Reached skill level 1 in Polearms
   983 | D:2      | Reached skill level 1 in Staves
   983 | D:2      | Reached skill level 1 in Ranged Weapons
   983 | D:2      | Reached skill level 1 in Throwing
   983 | D:2      | Reached skill level 1 in Dodging
   983 | D:2      | Reached skill level 1 in Stealth
   983 | D:2      | Reached skill level 1 in Shields
   983 | D:2      | Reached skill level 1 in Unarmed Combat
   983 | D:2      | Reached skill level 1 in Evocations
  1033 | D:2      | Reached XP level 4. HP: 34/34 MP: 8/11
  1089 | D:2      | Reached skill level 1 in Shapeshifting
  1755 | D:3      | Reached skill level 1 in Conjurations
  1755 | D:3      | Reached skill level 1 in Hexes
  1755 | D:3      | Reached skill level 1 in Summonings
  1755 | D:3      | Reached skill level 1 in Necromancy
  1755 | D:3      | Reached skill level 1 in Translocations
  1755 | D:3      | Reached skill level 1 in Transmutations
  1755 | D:3      | Reached skill level 1 in Fire Magic
  1755 | D:3      | Reached skill level 1 in Air Magic
  1755 | D:3      | Reached skill level 1 in Earth Magic
  1755 | D:3      | Reached skill level 1 in Poison Magic
  2344 | D:3      | Found a runed translucent door.
  2345 | D:3      | Noticed Crazy Yiuf
  2498 | D:3      | Killed Crazy Yiuf
  2499 | D:3      | Reached XP level 5. HP: 41/41 MP: 12/12
  2529 | D:3      | Identified the +9 hammer of Dissolution {freeze, Int+2}
  3002 | D:4      | Noticed a phantom
  3020 | D:4      | Killed a phantom
  3021 | D:4      | Reached XP level 6. HP: 36/47 MP: 13/13
  3354 | D:5      | Entered Level 5 of the Dungeon
  3550 | D:5      | Found the amulet of Elemental Vulnerability {rPois rF--
                  | rC-- AC+8}
  3664 | D:5      | Noticed Dowan
  3667 | D:5      | Noticed Duvessa
  3676 | D:5      | Killed Duvessa
  3677 | D:5      | Reached skill level 7 in Armour
  3677 | D:5      | Reached XP level 7. HP: 52/52 MP: 15/15
  3678 | D:5      | Killed Dowan
  3708 | D:5      | Found a staircase to the Ecumenical Temple.
  3728 | Temple   | Entered the Ecumenical Temple
  3745 | Temple   | Became a worshipper of Nemelex Xobeh the Trickster
  4054 | D:5      | Reached XP level 8. HP: 42/60 MP: 16/16
  4065 | D:5      | Identified the scarf "Ige Nest" {rC+ rF+, Str+2 Slay+5
                  | Stlth+}
  4257 | D:5      | Learned a level 4 spell: Summon Ice Beast
  5244 | D:6      | Reached XP level 9. HP: 66/66 MP: 18/18
  5372 | D:7      | Reached * piety under Nemelex Xobeh
  5374 | D:7      | Noticed Maggie
  5387 | D:7      | Killed Maggie
  5442 | D:7      | Received a gift from Nemelex Xobeh
  5454 | D:7      | Reached skill level 5 in Fighting
  5545 | D:7      | Identified the amulet of Guexze Lazu {Spirit Rampage
                  | ^Fragile Dex+6}
  5597 | D:7      | Found a white marble altar of Elyvilon.
  5691 | D:7      | Reached skill level 8 in Armour
  5830 | D:7      | Noticed Pikel
  5841 | D:7      | Killed Pikel
  5842 | D:7      | Reached skill level 5 in Invocations
  6014 | D:7      | Noticed an ice statue
  6156 | D:8      | Noticed a five-headed hydra
  6172 | D:8      | Killed a one-headed hydra
  6173 | D:8      | Reached skill level 5 in Short Blades
  6173 | D:8      | Reached skill level 5 in Long Blades
  6173 | D:8      | Reached skill level 5 in Axes
  6173 | D:8      | Reached skill level 5 in Maces & Flails
  6173 | D:8      | Reached skill level 5 in Polearms
  6173 | D:8      | Reached skill level 5 in Staves
  6173 | D:8      | Reached skill level 5 in Ranged Weapons
  6173 | D:8      | Reached skill level 5 in Throwing
  6173 | D:8      | Reached skill level 5 in Dodging
  6173 | D:8      | Reached skill level 5 in Stealth
  6173 | D:8      | Reached skill level 5 in Shields
  6173 | D:8      | Reached skill level 5 in Unarmed Combat
  6173 | D:8      | Reached skill level 5 in Evocations
  6173 | D:8      | Reached XP level 10. HP: 47/76 MP: 20/20
  6496 | D:8      | Found a blossoming altar of Fedhas.
  6525 | D:8      | Found a broken altar of Ashenzari.
  6758 | D:8      | Found a hazy altar of Hepliaklqana.
  6832 | D:8      | Identified the +7 dagger "Otuon" {heavy, Will+ Dex+6}
  6852 | D:8      | Reached ** piety under Nemelex Xobeh
  7028 | D:8      | Received a gift from Nemelex Xobeh
  7128 | D:8      | Reached skill level 5 in Shapeshifting
  7426 | D:8      | Noticed a centaur warrior
  7426 | D:8      | Noticed a cyclops
  7437 | D:8      | Killed a centaur warrior
  7438 | D:8      | Reached skill level 9 in Armour
  7438 | D:8      | Reached XP level 11. HP: 57/83 MP: 22/22
  7450 | D:8      | Killed a cyclops
  7451 | D:8      | Reached skill level 5 in Conjurations
  7451 | D:8      | Reached skill level 5 in Hexes
  7451 | D:8      | Reached skill level 5 in Summonings
  7451 | D:8      | Reached skill level 5 in Necromancy
  7451 | D:8      | Reached skill level 5 in Translocations
  7451 | D:8      | Reached skill level 5 in Transmutations
  7451 | D:8      | Reached skill level 5 in Fire Magic
  7451 | D:8      | Reached skill level 5 in Air Magic
  7451 | D:8      | Reached skill level 5 in Earth Magic
  7451 | D:8      | Reached skill level 5 in Poison Magic
  7541 | D:8      | Noticed an orc knight
  7541 | D:8      | Noticed a seven-headed hydra
  7549 | D:8      | Killed a one-headed hydra
  7562 | D:8      | Killed an orc knight
  7746 | D:8      | Found Irukk's Armour Emporium.
  7765 | D:8      | Bought a +0 pair of gloves of infusion for 161 gold pieces
  8142 | D:9      | Found a staircase to the Lair.
  8737 | D:9      | Reached *** piety under Nemelex Xobeh
  8904 | D:9      | Noticed a deep elf pyromancer
  8919 | D:9      | Killed a deep elf pyromancer
  8988 | D:10     | Entered Level 10 of the Dungeon
  9012 | Lair:1   | Entered Level 1 of the Lair of Beasts
  9049 | Lair:1   | Noticed a boulder beetle
  9061 | Lair:1   | Killed a boulder beetle
  9843 | Lair:1   | Learned a level 3 spell: Call Canine Familiar
  9847 | Lair:1   | Learned a level 3 spell: Ozocubu's Armour
  9904 | Lair:1   | Reached XP level 12. HP: 72/91 MP: 17/24
 10307 | Lair:2   | Found a staircase to the Shoals.
 10506 | Lair:2   | Noticed a skyshark
 10509 | Lair:2   | Noticed Fannar
 10513 | Lair:2   | Killed a skyshark
 10525 | Lair:2   | Reached skill level 10 in Armour
 10546 | Lair:2   | Killed Fannar
 10767 | Lair:2   | Reached **** piety under Nemelex Xobeh
 10942 | Lair:2   | Received a gift from Nemelex Xobeh
 11031 | Lair:2   | Noticed a death yak
 11033 | Lair:2   | Noticed a death yak
 11034 | Lair:2   | Noticed a death yak
 11041 | Lair:2   | Killed a death yak
 11041 | Lair:2   | Killed a death yak
 11045 | Lair:2   | Killed a death yak
 11305 | Lair:2   | Found a staircase to the Snake Pit.
 11584 | Lair:3   | Noticed a catoblepas
 11748 | Lair:3   | Killed a catoblepas
 11749 | Lair:3   | Reached XP level 13. HP: 48/99 MP: 18/26
 12546 | Lair:3   | Reached skill level 10 in Ice Magic
 12585 | Lair:3   | Received a gift from Nemelex Xobeh
 13050 | Lair:4   | Found a staircase to the Slime Pits.
 13466 | Lair:4   | Received a gift from Nemelex Xobeh
 13761 | Lair:5   | Entered Level 5 of the Lair of Beasts
 13769 | Lair:5   | Received a gift from Nemelex Xobeh
 13801 | Lair:4   | Reached skill level 10 in Spellcasting
 14502 | Lair:5   | Reached skill level 11 in Armour
 14775 | Lair:5   | Reached XP level 14. HP: 74/108 MP: 17/28
 15239 | Lair:5   | Reached skill level 10 in Invocations
 16205 | Lair:5   | Identified the ring "Uryar" {rF+ rC+ Dex+2}
 16440 | Lair:5   | Gained mutation: You do not regenerate when monsters are
                  | visible. [a neqoxec]
 17135 | D:10     | Found a staircase to the Orcish Mines.
 17340 | D:10     | Received a gift from Nemelex Xobeh
 17537 | D:10     | Reached ***** piety under Nemelex Xobeh
 17613 | D:10     | Found a burning altar of Makhleb.
 17613 | D:10     | Found a bloodstained altar of Trog.
 17621 | D:10     | Found a radiant altar of Vehumet.
 17623 | D:10     | Found an opulent altar of Gozag.
 17625 | D:10     | Found a sacrificial altar of Ru.
 17882 | D:11     | Found a portal to a secret trove of treasure.
 18478 | D:11     | Received a gift from Nemelex Xobeh
 18628 | D:11     | Reached skill level 10 in Fighting
 19526 | D:12     | Received a gift from Nemelex Xobeh
 20042 | D:13     | Reached XP level 15. HP: 65/115 MP: 22/30
 20315 | D:13     | Identified the staff "Vifoxell" {rF+ rC+ Will- Fire Poison}
 20342 | D:13     | Reached skill level 10 in Short Blades
 20342 | D:13     | Reached skill level 10 in Long Blades
 20342 | D:13     | Reached skill level 10 in Axes
 20342 | D:13     | Reached skill level 10 in Maces & Flails
 20342 | D:13     | Reached skill level 10 in Polearms
 20342 | D:13     | Reached skill level 10 in Staves
 20342 | D:13     | Reached skill level 10 in Ranged Weapons
 20342 | D:13     | Reached skill level 10 in Throwing
 20342 | D:13     | Reached skill level 10 in Dodging
 20342 | D:13     | Reached skill level 10 in Stealth
 20342 | D:13     | Reached skill level 10 in Shields
 20342 | D:13     | Reached skill level 10 in Unarmed Combat
 20342 | D:13     | Reached skill level 10 in Evocations
 20769 | D:13     | Received a gift from Nemelex Xobeh
 20968 | D:14     | Noticed Lodul
 20968 | D:14     | Found a gate to the Vaults.
 20976 | D:13     | Killed Lodul
 20977 | D:13     | Reached skill level 12 in Armour
 21514 | D:14     | Identified the -2 quarterstaff of Youthful Indiscretion
                  | {holy, rPois rC+ Will- SInv}
 21883 | D:14     | Noticed Frances
 21903 | D:14     | Killed Frances
 22230 | D:14     | Received a gift from Nemelex Xobeh
 22231 | D:14     | Found Bat Emy's Fire Supplies.
 22467 | D:15     | Entered Level 15 of the Dungeon
 22818 | D:15     | Found a staircase to the Depths.
 22959 | D:15     | Demolished by a titanic slime creature

Illustrated notes

Levels and vault maps discovered:
D:1:      elethiomel_arrival_quiet, layout_loops_ring,
          chequers_ecumenical_altar_simple_redux
D:2:      layout_loops_ring
D:3:      layout_loops_ring, uniq_crazy_yiuf_cottage
D:4:      layout_basic
D:5:      layout_basic, minmay_temple_entry_nine_rooms, kennysheep_small_square,
          uniq_duvessa
D:6:      layout_basic
D:7:      lemuel_ice_statue, layout_loops_ring, elyvilon_altar_1,
          kennysheep_generic_room_12, uniq_maggie, uniq_pikel
D:8:      nzn_winding_woodlands_stair_cross [nzn_winding_woodlands_5x15_default,
          nzn_winding_woodlands_center_diamonds,
          nzn_winding_woodlands_5x15_zeroes,
          nzn_winding_woodlands_5x5_closed_star,
          nzn_winding_woodlands_5x5_three, nzn_winding_woodlands_5x15_parted,
          nzn_winding_woodlands_center_lodge, nzn_winding_woodlands_5x15_pool],
          layout_layer_cave, general_overflow_altar,
          mainiacjoe_overflow_catwalk_spiral, serial_shops, shop,
          nicolae_grassy_gnolls
D:9:      layout_big_octagon, erik_lair_orcish_takeover,
          serial_library_hellmonk_junction, guppyfry_early_elven_hall
D:10:     layout_long_grid, chequers_temple_overflow_minitemple,
          kennysheep_orc_monster_closet_entryway
D:11:     minmay_chambers_of_sixes, layout_basic, enter_trove_6
D:12:     minmay_klotski, layout_cave_pools
D:13:     layout_cave_pools
D:14:     layout_cave_pools, david_vaults_3, gauntlet_entry_generic,
          minmay_misc_feat_cross, nicolae_shop_fire_sale
          [nicolae_sub_dead_trees], uniq_frances
D:15:     hellmonk_depths_entry_around_the_bend, layout_basic,
          maelrawn_ghost_gauntlet_escape
Temple:   compressed_dpeg_triangle_lava_temple
Lair:1:   layout_misc_corridors
Lair:2:   layout_concentric_octagons, nicolae_shoals_entry_roost,
          nicolae_snake_entry_squirm, grunt_megastairs_1, uniq_fannar
Lair:3:   layout_loops_ring, serial_bayou_shore_a
Lair:4:   layout_hall_layers, nicolae_slime_entry_slimehenge,
          chequers_serial_rivers_room_a
Lair:5:   due_jungle_book, layout_small_grid, minivault_27

Skill      XL: |  1  2  3  4  5  6  7  8  9 10 11 12 13 14 15 |
---------------+----------------------------------------------+-----
Spellcasting   | 5 6 7 8 9 10 11 | 11.5
Invocations    | 1 2 3 4 5 6 7 8 9 10 11 | 11.3
Short Blades   | 1 2 3 5 6 8 9 10 | 10.4
Long Blades    | 1 2 3 5 6 8 9 10 | 10.4
Axes           | 1 2 3 5 6 8 9 10 | 10.4
Maces & Flails | 1 2 3 5 6 8 9 10 | 10.4
Polearms       | 1 2 3 5 6 8 9 10 | 10.4
Staves         | 1 2 3 5 6 8 9 10 | 10.4
Ranged Weapons | 1 2 3 5 6 8 9 10 | 10.4
Throwing       | 1 2 3 5 6 8 9 10 | 10.4
Dodging        | 1 2 3 5 6 8 9 10 | 10.4
Stealth        | 1 2 3 5 6 8 9 10 | 10.4
Shields        | 1 2 3 5 6 8 9 10 | 10.4
Unarmed Combat | 1 2 3 5 6 8 9 10 | 10.4
Evocations     | 1 2 3 5 6 8 9 10 | 10.4
Shapeshifting  | 1 2 3 4 5 6 7 8 9 |  9.5
Conjurations   | 1 2 3 4 5 6 7 8 |  8.7
Hexes          | 1 2 3 4 5 6 7 8 |  8.7
Summonings     | 1 2 3 4 5 6 7 8 |  8.7
Necromancy     | 1 2 3 4 5 6 7 8 |  8.7
Translocations | 1 2 3 4 5 6 7 8 |  8.7
Transmutations | 1 2 3 4 5 6 7 8 |  8.7
Fire Magic     | 1 2 3 4 5 6 7 8 |  8.7
Air Magic      | 1 2 3 4 5 6 7 8 |  8.7
Earth Magic    | 1 2 3 4 5 6 7 8 |  8.7
Poison Magic   | 1 2 3 4 5 6 7 8 |  8.7
Fighting       | 3 4 5 6 7 8 9 10 | 10.7
Armour         | 7 8 9 10 11 12 | 12.2
Ice Magic      | 8 9 10 11 | 11.2

Action                     |  1- 3 |  4- 6 |  7- 9 | 10-12 | 13-15 || total
---------------------------+-------+-------+-------+-------+-------++-------
  Melee: Dagger            |   125 |    72 |       |       |       ||   197
         Club              |     2 |       |       |       |       ||     2
         Bite              |    12 |    11 |    19 |    41 |   145 ||   228
         Punch             |     3 |     2 |     7 |    22 |    64 ||    98
         Mace              |       |    69 |   163 |   413 |   859 ||  1504
         Scimitar          |       |       |    10 |     6 |       ||    16
  Throw: Dart              |       |       |    14 |     3 |     5 ||    22
   Cast: Freeze            |     4 |    22 |       |       |       ||    26
         Summon Ice Beast  |       |       |       |     4 |     4 ||     8
         Call Canine Famil |       |       |       |     4 |     3 ||     7
 Invoke: Draw Destruction  |       |       |       |     6 |    13 ||    19
         Draw Summoning    |       |       |       |       |     3 ||     3
         Draw Escape       |       |       |       |       |     3 ||     3
         Triple Draw       |       |       |       |       |     1 ||     1
         Deal Four         |       |       |       |       |     1 ||     1
  Evoke: Wand              |       |       |     1 |     1 |     9 ||    11
    Use: Scroll            |       |     7 |       |     7 |     8 ||    22
         Potion            |       |     3 |       |     9 |     2 ||    14
   Stab: Sleeping          |       |     1 |     6 |     5 |    25 ||    37
         Distracted        |       |       |     1 |     1 |     3 ||     5
 Armour: Ring mail         |   105 |    86 |     2 |       |       ||   193
         Skin              |       |     3 |       |       |       ||     3
         Robe              |       |       |   125 |   250 |       ||   375
         Swamp dragon scal |       |       |       |   171 |  1007 ||  1178
  Dodge: Dodged            |    77 |    83 |   108 |   381 |   686 ||  1335

Table legend: (Time is in decaauts)
 A = Elapsed time spent in this place.
 B = Non-inter-level travel time spent in this place.
 C = Inter-level travel time spent in this place.
 D = Time resting spent in this place.
 E = Time spent auto-exploring this place.
 F = Levels seen in this place.
 G = Mean time per level.
                   A        B        C        D        E       F      G
               +--------+--------+--------+--------+--------+-----+--------+
         Total |  23029 |  22050 |    979 |   4401 |  13283 |  21 | 1096.6 |
       Dungeon |  15127 |  14610 |    517 |   1933 |   9713 |  15 | 1008.5 |
        Temple |     34 |     17 |     17 |      0 |      0 |   1 |   34.0 |
          Lair |   7868 |   7423 |    445 |   2468 |   3569 |   5 | 1573.6 |
               +--------+--------+--------+--------+--------+-----+--------+

Top non-repeatable levels by time:
  Lair:5: 2421 daAuts
     D:8: 2231 daAuts
  Lair:1: 1513 daAuts
  Lair:4: 1485 daAuts
    D:13: 1463 daAuts
  Lair:2: 1258 daAuts
  Lair:3: 1189 daAuts
    D:11: 1164 daAuts
     D:3: 1088 daAuts
     D:5: 1083 daAuts
    D:10: 1011 daAuts
    D:14: 1000 daAuts
    D:12: 928 daAuts
     D:2: 853 daAuts
     D:1: 851 daAuts
